 Dungeon Crawl Stone Soup version 0.32-a0-675-gdc239d62e1 (webtiles) character file.

Game seed: 4153367297600030412

145 BubbleThief the Grasshopper (level 5, 0/26 HPs)
             Began as a Spriggan Warper on Mar 12, 2024.
             Slain by an ufetubus (3 damage)
             ... on level 3 of the Dungeon.
             The game lasted 00:05:19 (1849 turns).

BubbleThief the Grasshopper (Spriggan Warper)       Turns: 1849, Time: 00:05:20

Health: 0/26       AC:  2    Str:  7    XL:     5   Next: 6%
Magic:  11/11      EV: 18    Int: 14    God:
Gold:   92         SH:  5    Dex: 17    Spells: 9/11 levels left

rFire   . . .        a - +0 short sword
rCold   . . .        l - orb {guile}
rNeg    . . .        b - +0 robe
rPois   .            (helmet restricted)
rElec   .            (no cloak)
rCorr   .            (gloves unavailable)
SInv    +            (boots unavailable)
Will    .....        o - amulet of reflection
Stlth   ++           (no ring)
HPRegen 0.24/turn    (no ring)
MPRegen 0.12/turn

%: reflection
@: studying Shields, very quick
A: very small, no large weapons, unfitting armour, see invisible, speed 3
a: no special abilities


You were on level 3 of the Dungeon.
You visited 1 branch of the dungeon, and saw 3 of its levels.

You collected 92 gold pieces.

Inventory:

Hand Weapons
 a - a +0 short sword (weapon)
Missiles
 d - 5 darts of dispersal
 m - 8 poisoned darts (quivered)
Armour
 b - a +0 robe (worn)
 f - a +0 buckler
 l - an orb of guile (worn)
Jewellery
 o - an amulet of reflection (around neck)
Scrolls
 c - a scroll of blinking
 e - 3 scrolls of identify {unknown}
 g - a scroll of poison {unknown}
 h - a scroll of silence {unknown}
 k - 2 scrolls of teleportation {unknown}
 n - a scroll of enchant weapon {unknown}
 p - a scroll of fear {unknown}
Potions
 i - a potion of ambrosia {unknown}
 j - a potion of curing {unknown}


   Skills:
 + Level 2.3 Fighting
 + Level 3.0 Short Blades
 - Level 1.0 Throwing
 + Level 3.7 Dodging
 + Level 2.8 Stealth
 + Level 3.5 Spellcasting
 + Level 1.0 Hexes
 + Level 5.3 Translocations


You had 9 spell levels left.
You knew the following spells:

 Your Spells              Type           Power      Damage    Failure   Level
a - Ensorcelled Hibernat  Hex/Ice        6%         N/A       26%         2

Your spell library contained the following spells:

 Spells                   Type           Power      Damage    Failure   Level
 Apportation              Tloc           34%        N/A       2%          1
 Blink                    Tloc           34%        N/A       3%          2
 Lesser Beckoning         Tloc           34%        N/A       3%          2
 Teleport Other           Tloc           17%        N/A       7%          3
 Necrotise                Necr           8%         1d4       21%         1
 Sting                    Conj/Alch      8%         1d3       21%         1
 Summon Small Mammal      Summ           8%         N/A       21%         1
 Manifold Assault         Tloc           17%        N/A       22%         4
 Mercury Vapours          Alch/Air       4%         N/A       30%         2
 Fugue of the Fallen      Necr           2%         N/A       52%         3
 Mephitic Cloud           Conj/Alch/Air  2%         N/A       52%         3
 Ozocubu's Armour         Ice            2%         N/A       52%         3
 Vhi's Electric Charge    Tloc/Air       18%        N/A       56%         4
 Anguish                  Hex/Necr       1%         N/A       86%         4
 Freezing Cloud           Conj/Ice/Air   1%         6-21      99%         5


Dungeon Overview and Level Annotations

Branches:
Dungeon (3/15)

Altars:

Shops:
D:1 (


Innate Abilities, Weirdness & Mutations

You are very small and have problems with some larger weapons.
You are too small for most types of armour.
You have supernaturally acute eyesight. (SInv)
You cover ground extremely quickly. (Speed+++)


Message History

The ufetubus hits you. The ufetubus barely misses you. The ufetubus misses you.
You hit the ufetubus.
The ufetubus is severely wounded.
The ufetubus completely misses you. x2
You hit the ufetubus but do no damage.
The ufetubus is severely wounded.
The ufetubus completely misses you. x2
You hit the ufetubus.
The ufetubus is severely wounded.
The ufetubus closely misses you. The ufetubus completely misses you.
An ufetubus comes into view.
The ufetubus slips past you! The ufetubus misses you. x2
The ufetubus shouts!
You hit the ufetubus.
You kill the ufetubus!
You see here a +0 dagger.
The ufetubus completely misses you. The ufetubus hits you.
You closely miss the ufetubus. The ufetubus hits you. The ufetubus misses you.
The ufetubus barely misses you. The ufetubus hits you.
You barely miss the ufetubus. The ufetubus closely misses you.
The ufetubus hits you.
You are too injured to fight recklessly!
You are too injured to fight recklessly!
You miss the ufetubus. The ufetubus hits you.
* * * LOW HITPOINT WARNING * * *
The ufetubus hits you but does no damage.
You barely miss the ufetubus.
The ufetubus hits you but does no damage.
The ufetubus hits you.
* * * LOW HITPOINT WARNING * * *
You closely miss the ufetubus. The ufetubus closely misses you.
The ufetubus hits you.
* * * LOW HITPOINT WARNING * * *
The ufetubus completely misses you. The ufetubus barely misses you.
You closely miss the ufetubus. The ufetubus barely misses you.
The ufetubus completely misses you.
You hit the ufetubus.
The ufetubus is lightly wounded.
The ufetubus completely misses you. The ufetubus hits you.
You die...

#... #... .#
### #... .#
....##..# .#
..#.....+ .#
........###
###.#
#..ß#+#ß..# ###
#...#'#...#
......#..)..5@#
......#.###..##
......#.# #.##
......#.###.#
........#...#
......#...###
............#
######.###....#
#######.#
###..#


You could see an ufetubus.

Vanquished Creatures
  Natasha (thrice) (D:2)
  An adder (D:2)
  An ufetubus (D:3)
  2 ribbon worms (D:2)
  A dart slug (D:1)
  5 bats
  2 endoplasms
  2 giant cockroaches
  7 goblins
  3 hobgoblins
  7 jackals (D:2)
  3 quokkas
  4 ball pythons
  2 frilled lizards
  2 kobolds
  5 rats
50 creatures vanquished.

Notes
Turn   | Place    | Note
-------+----------+-------------------------------------------
     0 | D:1      | BubbleThief the Spriggan Warper began the quest for the
                  | Orb.
     0 | D:1      | Reached XP level 1. HP: 10/10 MP: 5/5
    44 | D:1      | Found a faded altar of an unknown god.
   225 | D:1      | Found Karu's Antique Weapon Boutique.
   257 | D:1      | Reached skill level 1 in Stealth
   257 | D:1      | Reached XP level 2. HP: 7/15 MP: 6/6
  1153 | D:2      | Reached XP level 3. HP: 18/18 MP: 8/8
  1193 | D:2      | Noticed Natasha
  1235 | D:2      | Killed Natasha
  1239 | D:2      | Reached skill level 5 in Translocations
  1372 | D:2      | Learned a level 2 spell: Ensorcelled Hibernation
  1382 | D:2      | Noticed Natasha
  1396 | D:2      | Killed Natasha
  1397 | D:2      | Reached XP level 4. HP: 7/23 MP: 10/10
  1494 | D:2      | Noticed Natasha
  1525 | D:2      | Killed Natasha
  1711 | D:2      | Reached skill level 1 in Hexes
  1801 | D:3      | Reached XP level 5. HP: 26/26 MP: 11/11
  1849 | D:3      | Slain by an ufetubus

Illustrated notes

Levels and vault maps discovered:
D:1:      dpeg_arrival_water_temple_mockup, layout_basic, serial_shops, shop,
          hellmonk_ecumenical_altar_zigzags
D:2:      layout_basic, minmay_split_cup_large, uniq_natasha, uniq_sigmund
D:3:      layout_rooms, serial_shops, nicolae_shop_tiny_statue_garden, shop,
          nicolae_shop_real_fake_doors, uniq_crazy_yiuf_cottage

Skill      XL: |  1  2  3  4 |
---------------+-------------+-----
Stealth        | 1 2 |  2.8
Spellcasting   | 3 |  3.5
Fighting       | 2 |  2.3
Translocations | 5 |  5.3
Short Blades   | 3 |  3.0
Hexes          | 1 |  1.0
Throwing       | |  1.0
Dodging        | |  3.7

Action                     |  1- 3 |  4- 6 || total
---------------------------+-------+-------++-------
  Melee: Short sword       |   154 |    85 ||   239
  Throw: Dart              |    11 |       ||    11
   Cast: Ensorcelled Hiber |       |     1 ||     1
   Stab: Sleeping          |     7 |     5 ||    12
 Armour: Robe              |    46 |    27 ||    73
  Dodge: Dodged            |   103 |    72 ||   175

Table legend: (Time is in decaauts)
 A = Elapsed time spent in this place.
 B = Non-inter-level travel time spent in this place.
 C = Inter-level travel time spent in this place.
 D = Time resting spent in this place.
 E = Time spent auto-exploring this place.
 F = Levels seen in this place.
 G = Mean time per level.
                   A        B        C        D        E       F      G
               +--------+--------+--------+--------+--------+-----+--------+
         Total |   1307 |   1295 |     12 |      0 |    846 |   3 |  435.7 |
       Dungeon |   1307 |   1295 |     12 |      0 |    846 |   3 |  435.7 |
               +--------+--------+--------+--------+--------+-----+--------+

Top non-repeatable levels by time:
     D:1: 642 daAuts
     D:2: 613 daAuts
     D:3: 51 daAuts
